 Dungeon Crawl Stone Soup version 0.32-a0-656-g3542139ebd (webtiles) character file.

Game seed: 11121375348131124860

6474 Dittersdorf the Fighter (level 11, -1/71 HPs)
             Began as a Gargoyle Fighter on Mar 8, 2024.
             Was an Initiate of Gozag.
             Shot with an arrow by a centaur warrior (22 damage)
             ... on level 9 of the Dungeon.
             The game lasted 00:08:19 (7471 turns).

Dittersdorf the Fighter (Gargoyle Fighter)          Turns: 7471, Time: 00:08:19

Health: -1/71      AC: 24    Str: 23    XL:     11   Next: 0%
Magic:  11/11      EV: 14    Int: 10    God:    Gozag
Gold:   871        SH:  6    Dex:  9    Spells: 10/10 levels left

rFire   . . .        n - +6 flail (holy)
rCold   . . .        c - +0 buckler
rNeg    + . .        h - +5 scale mail {Will+}
rPois   ∞            a - +1 helmet
rElec   +            (no cloak)
rCorr   .            (no gloves)
SInv    .            (no boots)
Will    +....        i - amulet of regeneration Stlth
                     t - +5 ring of evasion
HPRegen 1.11/turn    (no ring)
MPRegen 0.12/turn

%: no passive effects
@: no status effects
A: sickness immunity, AC +8, negative energy resistance 1, electricity
resistance, torment resistance 1, petrification resistance
a: Renounce Religion, Potion Petition, Call Merchant, Bribe Branch


You were on level 9 of the Dungeon.
You worshipped Gozag.
Gozag was pleased with you.
You visited 2 branches of the dungeon, and saw 10 of its levels.

You collected 2065 gold pieces.
You spent 1128 gold pieces at shops.
You paid 66 gold pieces to Gozag.

Inventory:

Hand Weapons
 n - a +6 flail of holy wrath (weapon)
Armour
 a - a +1 helmet (worn)
 c - a +0 buckler (worn)
 h - a +5 scale mail of willpower (worn)
Jewellery
 i - an amulet of regeneration (around neck)
 t - a +5 ring of evasion (left hand)
Wands
 b - a wand of roots (3) (quivered)
Scrolls
 e - 2 scrolls of revelation
 g - 3 scrolls of teleportation
 p - a scroll of fog
 s - a scroll of enchant weapon
 w - a scroll of enchant armour
Potions
 d - 3 potions of might
 f - a potion of magic
 j - 4 potions of attraction {unknown}
 k - 3 potions of haste
 l - 3 potions of heal wounds
 m - a potion of ambrosia {unknown}
 o - a potion of curing {unknown}
 q - a potion of degeneration {unknown}
 r - a potion of lignification {unknown}
 u - a potion of cancellation {unknown}
 v - 2 potions of mutation {unknown}


   Skills:
 + Level 9.6 Fighting
 + Level 8.5 Maces & Flails
 + Level 9.6 Armour
 + Level 9.6 Shields


You had 10 spell levels left.
You didn't know any spells.
Your spell library contained the following spells:

 Spells                   Type           Power      Damage    Failure   Level
 Ignite Poison            Fire/Alch      0%         N/A       100%        4
 Freezing Cloud           Conj/Ice/Air   0%         6-21      100%        5
 Haunt                    Necr/Summ      0%         N/A       100%        7
 Infestation              Necr           0%         N/A       100%        8
 Cigotuvi's Dreadful Rot  Necr/Alch/Air  Unusable   N/A       N/A         2
 Animate Dead             Necr           Unusable   N/A       N/A         4

Dungeon Overview and Level Annotations

Branches:
Dungeon (9/15)             Temple (1/1) D:4            Lair (0/5) D:8
    Orc: D:9-12

Altars:
Cheibriados
Dithmenos
Elyvilon
Fedhas
Gozag
Hepliaklqana
Kikubaaqudgha
Makhleb
Nemelex Xobeh
Okawaru
Qazlal
Ru
Sif Muna
Trog
Vehumet
Wu Jian
Xom
Zin
The Shining One

Shops:
D:1 (   D:4 (?*=[   D:5 [=[![

Annotations:
D:3 3 runed translucent doors, yey's ghost, amateur CoAr


Innate Abilities, Weirdness & Mutations

You are immune to sickness and miasma.
Your stone body is resilient. (AC +8)
You are immune to poison.
You resist negative energy. (rN+)
You are resistant to electric shocks. (rElec)
You are resistant to unholy torment.
You are immune to petrification.


Message History

The howler monkey hoots and howls with incredible vigour!
You have reached level 11!
The grasping roots constrict the centaur warrior.
The roots lose their grip on something.
The boulder beetle leaps!
Aiming: Fastroot
Press: ? - help, Q - select action, (/) - cycle Shift-Dir - straight line, f/p - centaur warrior
Aim: a centaur warrior, wielding a +0 orcbow (heavily wounded)
The roots erupt in riotous growth!
Roots grab the centaur warrior.
Roots grab the boulder beetle.
The grasping roots constrict the centaur warrior!
The grasping roots constrict the boulder beetle, but do no damage.
The centaur warrior shoots an arrow.
The arrow hits you.
* * * LOW HITPOINT WARNING * * *
The centaur warrior shoots an arrow.
The arrow hits you but does no damage.
The boulder beetle struggles to escape constriction.
The grasping roots constrict the centaur warrior.
The grasping roots constrict the boulder beetle, but do no damage.
The centaur warrior struggles to escape constriction.
The boulder beetle struggles to escape constriction.
The grasping roots constrict the centaur warrior.
The grasping roots constrict the boulder beetle, but do no damage.
The centaur warrior shoots an arrow.
The arrow misses you.
The centaur warrior shoots an arrow.
The arrow hits you.
* * * LOW HITPOINT WARNING * * *
The boulder beetle escapes!
The grasping roots constrict the centaur warrior.
The centaur warrior shoots an arrow.
You block the arrow.
The roots lose their grip on something.
The centaur warrior shoots an arrow.
The arrow misses you.
Things that are here:
a +0 dagger; 6 poisoned darts
Things that are here:
a +0 whip; 2 stones The centaur warrior shoots an arrow.
The arrow hits you.
* * * LOW HITPOINT WARNING * * *
The centaur warrior shoots an arrow.
The arrow hits you!!
You die...
Your body crumbles into a pile of gold.

#.h ( ... .?.... oC . ... .....#
#c # #.# #.##.# #$ # #.# .#
#.##.# #B # #.# #.# .# #.##.# #.
# #.# ##.##.# #.##.# #. #
#.#####...#.####.##.#########.
####.#..........@..)).B..........
.<.....#........####)#.co........
####............# #)##########.#
#####........####.#####.......
###......#......"##.####.#
#...<###.......##.# #.#
####.###.......##.# #.#
#..............# #.#
#####.......#### #.#


You could see a boulder beetle and a centaur warrior.

Vanquished Creatures
  A centaur warrior (D:9)
  A two-headed ogre (D:8)
  An elephant (D:8)
  Joseph (D:8)
  An efreet (D:9)
  A troll (D:9)
  A wyvern (D:8)
  A yak (D:8)
  A basilisk (D:8)
  3 vampire mosquitoes (D:6)
  Edmund (D:3)
  A water moccasin (D:3)
  2 sky beasts
  3 orc warriors
  5 black bears
  2 ice beasts
  An ogre (D:5)
  3 centaurs
  A phantom (D:4)
  2 kobold brigands
  2 bullfrogs
  2 gnoll sergeants
  3 scorpions
  4 killer bees (D:7)
  3 howler monkeys
  An electric eel (D:7)
  2 orc priests
  3 jellies
  3 hounds
  A sleepcap (D:7)
  2 iguanas
  4 orc wizards
  4 killer bee zombies (D:7)
  A mummy (D:7)
  8 gnolls
  9 adders
  A white imp (D:6)
  2 dart slugs
  3 ribbon worms
  20 orcs
  8 ball pythons
  5 endoplasms
  6 giant cockroaches
  5 goblins
  4 hobgoblins
  2 jackals (D:3)
  21 kobolds
  2 quokkas
  6 bats
  5 frilled lizards
  A rat (D:1)
176 creatures vanquished.

Vanquished Creatures (others)
  2 orcs (D:9)
2 creatures vanquished.

Grand Total: 178 creatures vanquished

Notes
Turn   | Place    | Note
-------+----------+-------------------------------------------
     0 | D:1      | Dittersdorf the Gargoyle Fighter began the quest for the
                  | Orb.
     0 | D:1      | Reached XP level 1. HP: 14/14 MP: 1/1
   112 | D:1      | Reached XP level 2. HP: 6/19 MP: 2/2
   177 | D:1      | Found Pylopo Gucro's Weapon Shop.
   585 | D:1      | Reached XP level 3. HP: 23/23 MP: 3/3
  1146 | D:2      | Reached XP level 4. HP: 28/29 MP: 4/4
  1675 | D:3      | Found a runed translucent gate.
  1680 | D:3      | Found a runed translucent gate.
  1680 | D:3      | Found a runed translucent gate.
  1848 | D:3      | Noticed yey's ghost (amateur CoAr)
  1988 | D:3      | Reached XP level 5. HP: 33/33 MP: 5/5
  2065 | D:3      | Found a faded altar of an unknown god.
  2530 | D:4      | Noticed Edmund
  2530 | D:4      | Noticed a water moccasin
  2530 | D:4      | Found Qakhiusong's Assorted Antiques.
  2544 | D:3      | Killed Edmund
  2545 | D:3      | Reached XP level 6. HP: 7/39 MP: 6/6
  2685 | D:3      | Killed a water moccasin
  2733 | D:4      | Bought a glowing helmet for 157 gold pieces
  2742 | D:4      | Identified a scroll of acquirement
  2742 | D:4      | Acquired 940 gold pieces
  2829 | D:4      | Found Rohihif's Armour Boutique.
  2839 | D:4      | Bought a +4 scale mail of willpower for 341 gold pieces
  2861 | D:4      | Found a staircase to the Ecumenical Temple.
  2873 | D:4      | Reached skill level 5 in Armour
  2873 | D:4      | Reached skill level 5 in Shields
  2874 | Temple   | Entered the Ecumenical Temple
  2947 | Temple   | Became a worshipper of Gozag Ym Sagoz the Greedy
  3045 | D:4      | Reached skill level 5 in Fighting
  3045 | D:4      | Reached XP level 7. HP: 44/44 MP: 7/7
  3265 | D:4      | Found Owiala's Magic Scroll Emporium.
  3271 | D:4      | Found Qiweakae's Weapon Boutique.
  3445 | D:4      | Found Estitrou's Jewellery Boutique.
  3477 | D:4      | Bought an amulet of regeneration for 420 gold pieces
  3535 | D:5      | Entered Level 5 of the Dungeon
  3627 | D:5      | Found Ygeotov's Armour Boutique.
  3652 | D:5      | Found Qufu Laho's Distillery.
  3672 | D:5      | Bought a potion of haste for 140 gold pieces
  3672 | D:5      | Bought a potion of heal wounds for 70 gold pieces
  3831 | D:5      | Found Isemiup's Antique Armour Boutique.
  3916 | D:5      | Reached XP level 8. HP: 51/51 MP: 8/8
  3977 | D:5      | Found Womuf's Armour Emporium.
  4026 | D:5      | Found Iplaudd's Jewellery Boutique.
  4047 | D:5      | Reached skill level 5 in Maces & Flails
  5055 | D:6      | Reached XP level 9. HP: 45/56 MP: 9/9
  5164 | D:6      | Found a glowing silver altar of Zin.
  5164 | D:6      | Noticed an angel
  6191 | D:8      | Found an ancient bone altar of Kikubaaqudgha.
  6215 | D:8      | Noticed a two-headed ogre
  6235 | D:8      | Killed a two-headed ogre
  6236 | D:8      | Reached XP level 10. HP: 10/64 MP: 10/10
  6307 | D:8      | Noticed Joseph
  6318 | D:8      | Killed Joseph
  6425 | D:8      | Found a staircase to the Lair.
  6425 | D:8      | Noticed an elephant
  6458 | D:8      | Killed an elephant
  7382 | D:9      | Noticed a centaur warrior
  7399 | D:9      | Killed a centaur warrior
  7438 | D:9      | Noticed a centaur warrior
  7443 | D:9      | Noticed a cyclops
  7449 | D:9      | Noticed a boulder beetle
  7455 | D:9      | Reached XP level 11. HP: 11/71 MP: 11/11
  7471 | D:9      | Shot with an arrow by a centaur warrior

Illustrated notes

Levels and vault maps discovered:
D:1:      minmay_arrival_loop, layout_loops_ring, serial_shops, shop,
          minmay_close_crescents
D:2:      layout_basic
D:3:      layout_basic, gammafunk_ghost_icy, shapermc_ecumenical_altar_acropolis
D:4:      layout_basic, temple_green, serial_shops, nicolae_stop_n_shop_2,
          nicolae_shop_tiny_waterfront, shop, nicolae_shop_trees, shop,
          uniq_edmund
D:5:      layout_loops_ring, serial_shops, nicolae_lakefront_shop,
          nicolae_shop_advertising_works [nicolae_subvault_shop_adworks], shop,
          shop, shop
D:6:      layout_cave_pods, zin_angel
D:7:      layout_loops_ring, grunt_decor_cap, serial_bayou_pond_c,
          minmay_mini_ossuary
D:8:      layout_loops_ring, old_standard_altar, david_lair_generic,
          kennysheep_opposing_triangles, uniq_joseph
D:9:      minmay_cut_squares, layout_loops_ring, grunt_temple_overflow_open,
          corexii_checkpoint
Temple:   minmay_temple_bridge_d

Skill      XL: |  1  2  3  4  5  6  7  8  9 10 |
---------------+-------------------------------+-----
Shields        | 4 5 6 8 9 |  9.6
Armour         | 4 5 6 8 9 |  9.6
Fighting       | 4 5 6 8 9 |  9.6
Maces & Flails | 3 4 5 7 8 |  8.5

Action                     |  1- 3 |  4- 6 |  7- 9 | 10-12 || total
---------------------------+-------+-------+-------+-------++-------
  Melee: Flail             |   120 |   149 |   271 |   155 ||   695
  Evoke: Wand              |       |       |     1 |     3 ||     4
    Use: Scroll            |       |     7 |     7 |     1 ||    15
   Stab: Distracted        |       |       |       |     1 ||     1
 Armour: Scale mail        |    92 |    77 |   385 |   101 ||   655
         Chain mail        |       |    64 |       |       ||    64
  Dodge: Dodged            |    70 |    75 |   164 |    96 ||   405
  Block: Buckler           |    19 |    35 |    94 |    35 ||   183

Table legend: (Time is in decaauts)
 A = Elapsed time spent in this place.
 B = Non-inter-level travel time spent in this place.
 C = Inter-level travel time spent in this place.
 D = Time resting spent in this place.
 E = Time spent auto-exploring this place.
 F = Levels seen in this place.
 G = Mean time per level.
                   A        B        C        D        E       F      G
               +--------+--------+--------+--------+--------+-----+--------+
         Total |   7598 |   7067 |    531 |    205 |   5301 |  10 |  759.8 |
       Dungeon |   7452 |   7065 |    387 |    205 |   5301 |   9 |  828.0 |
        Temple |    146 |      2 |    144 |      0 |      0 |   1 |  146.0 |
               +--------+--------+--------+--------+--------+-----+--------+

Top non-repeatable levels by time:
     D:3: 1150 daAuts
     D:8: 1130 daAuts
     D:6: 1020 daAuts
     D:1: 872 daAuts
     D:7: 859 daAuts
     D:2: 849 daAuts
     D:5: 784 daAuts
     D:4: 616 daAuts
     D:9: 169 daAuts
  Temple: 146 daAuts
